| TOP OF THE 1ST |
|
Cleveland (APP) Indians batting - Pitching for Texas (APP) Rangers : LHP Jose Cepero
|
|
Pitching: LHP Jose Cepero
|
|
|
Batting: RHB John Clark
|
0-0: Called Strike 0-1: Swinging Strike 0-2: Ball 1-2: Strikes out swinging
|
|
Batting: RHB Carlos Manriquez
|
0-0: Swinging Strike 0-1: Ball 1-1: Called Strike 1-2: Foul Ball, location: 2F 1-2: Ball 2-2: Foul Ball, location: 2F 2-2: Foul Ball, location: 2F 2-2: Strikes out looking
|
|
Batting: RHB Juan Gallardo
|
0-0: Swinging Strike 0-1: Called Strike 0-2: Foul Ball, location: 2F 0-2: Strikes out swinging
|
| Top of the 1st over - 0 runs, 0 hits, 0 errors, 0 left on base; Cleveland (APP) 0 - Texas (APP) 0 |
| BOTTOM OF THE 1ST |
|
Texas (APP) Rangers batting - Pitching for Cleveland (APP) Indians : RHP Jose Esteban
|
|
Pitching: RHP Jose Esteban
|
|
|
Batting: LHB Walter Vegter
|
0-0: Called Strike 0-1: Foul Ball, location: 2F 0-2: Ball 1-2: Foul Ball, location: 2F 1-2: SINGLE (Line Drive, 56, EV 103.8 MPH)
|
|
Batting: RHB Robby Adair
|
0-0: Ball Walter Vegter steals 2nd base 1-0: Ball 2-0: Called Strike 2-1: Ground out 1-3 (Groundball, 15S, EV 63.1 MPH)
|
|
Batting: LHB Tomoya Hashimoto
|
0-0: Ball 1-0: Called Strike 1-1: Ball 2-1: Foul Ball, location: 2F 2-2: SINGLE (Line Drive, 9LS, EV 90.0 MPH) Walter Vegter to third Runner from 3rd tries for Home, SAFE, throw by RF to home
|
|
Batting: RHB Ryan Pastore
|
0-0: Ball Passed Ball! Tomoya Hashimoto to second 1-0: 2-RUN HOME RUN (Flyball, 9D, EV 98.8 MPH), Distance : 369 ft
|
|
Batting: RHB David Redman
|
0-0: Ball 1-0: Swinging Strike 1-1: Called Strike 1-2: Ball 2-2: Foul Ball, location: 2F 2-2: Ball 3-2: Foul Ball, location: 2F 3-2: SINGLE (Flyball, 78S, EV 91.3 MPH)
|
|
Pitching: RHP Gilbert Paparelli
|
|
|
Batting: RHB Jay De Angelis
|
0-0: Fielders Choice at 2nd, 6-4 (Groundball, 6, EV 81.3 MPH)
|
|
Batting: RHB Rafael Tapia
|
0-0: Called Strike 0-1: Ball 1-1: Ball 2-1: Called Strike 2-2: Foul Ball, location: 2F 2-2: Foul Ball, location: 2F 2-2: Fielders Choice at 2nd, 5-4 (Groundball, 56, EV 85.6 MPH)
|
| Bottom of the 1st over - 3 runs, 4 hits, 0 errors, 1 left on base; Cleveland (APP) 0 - Texas (APP) 3 |
| TOP OF THE 2ND |
|
Cleveland (APP) Indians batting - Pitching for Texas (APP) Rangers : LHP Jose Cepero
|
|
Batting: RHB Luis Roman
|
0-0: Called Strike 0-1: Ball 1-1: Ball 2-1: Swinging Strike 2-2: Foul Ball, location: 2F 2-2: Ball 3-2: Foul Ball, location: 2F 3-2: Base on Balls
|
|
Batting: LHB Kenji Yokoyama
|
0-0: Called Strike 0-1: Ball 1-1: Ball 2-1: Called Strike 2-2: Strikes out swinging
|
|
Batting: RHB Joe Shade
|
0-0: Called Strike 0-1: Swinging Strike 0-2: Ball 1-2: Ball 2-2: Foul Ball, location: 2F 2-2: Strikes out swinging
|
|
Batting: LHB Heath Ryland
|
0-0: Ball 1-0: Ball 2-0: Called Strike 2-1: SINGLE (Line Drive, 9LS, EV 100.6 MPH) Luis Roman to second Runner from 2nd tries for 3rd, SAFE, throw by RF made to third
|
|
Batting: RHB Ken Shear
|
0-0: Ball 1-0: Foul Ball, location: 2F 1-1: Ball 2-1: Swinging Strike 2-2: Foul Ball, location: 2F 2-2: Ball 3-2: Base on Balls Heath Ryland to second
|
|
Batting: SHB Mike Shields
|
0-0: Called Strike 0-1: Called Strike 0-2: Strikes out swinging
|
| Top of the 2nd over - 0 runs, 1 hit, 0 errors, 3 left on base; Cleveland (APP) 0 - Texas (APP) 3 |
| BOTTOM OF THE 2ND |
|
Texas (APP) Rangers batting - Pitching for Cleveland (APP) Indians : RHP Gilbert Paparelli
|
|
Batting: RHB Alex Lopez
|
0-0: Ball 1-0: Foul Ball, location: 2F 1-1: Ball 2-1: Ground out 4-3 (Groundball, 4, EV 90.0 MPH)
|
|
Batting: SHB Albert Ortiz
|
0-0: Foul Ball, location: 2F 0-1: Ball 1-1: Called Strike 1-2: Strikes out swinging
|
|
Batting: LHB Walter Vegter
|
0-0: Called Strike 0-1: Ball 1-1: Ball 2-1: Foul Ball, location: 2F 2-2: Ball 3-2: SINGLE (Groundball, 56, EV 98.8 MPH)
|
|
Pitching: LHP Jordan Jimenez
|
|
|
Batting: RHB Robby Adair
|
0-0: Ball 1-0: Called Strike Walter Vegter steals 2nd base (no throw) 1-1: Ball 2-1: Foul Ball, location: 2F 2-2: DOUBLE (Flyball, 8LXD, EV 106.9 MPH) Walter Vegter scores
|
|
Batting: LHB Tomoya Hashimoto
|
0-0: Hit by Pitch
|
|
Batting: RHB Ryan Pastore
|
0-0: Ball 1-0: 3-RUN HOME RUN (Flyball, 7LD, EV 92.5 MPH), Distance : 334 ft
|
|
Batting: RHB David Redman
|
0-0: Ball 1-0: Called Strike 1-1: SOLO HOME RUN (Flyball, 9D, EV 96.3 MPH), Distance : 366 ft
|
|
Batting: RHB Jay De Angelis
|
0-0: Ball 1-0: Ball 2-0: Ball 3-0: Called Strike 3-1: Foul Ball, location: 2F 3-2: Foul Ball, location: 2F 3-2: DOUBLE (Groundball, 5L, EV 102.5 MPH)
|
|
Batting: RHB Rafael Tapia
|
0-0: Ball 1-0: Ball Passed Ball! Jay De Angelis to third 2-0: Ball Passed Ball! Jay De Angelis scores 3-0: Base on Balls
|
|
Batting: RHB Alex Lopez
|
0-0: Ball Passed Ball! Rafael Tapia to second 1-0: Foul Ball, location: 2F 1-1: Ball 2-1: Ball 3-1: Base on Balls
|
|
Batting: SHB Albert Ortiz
|
0-0: Foul Ball, location: 2F 0-1: Ball Passed Ball! Rafael Tapia to third Alex Lopez to second 1-1: Ball Passed Ball! Rafael Tapia scores Alex Lopez to third 2-1: Ball 3-1: Base on Balls
|
|
Batting: LHB Walter Vegter
|
0-0: Ball 1-0: Ball Passed Ball! Alex Lopez scores Albert Ortiz to second 2-0: Ball Wild Pitch! Albert Ortiz to third 3-0: Base on Balls
|
|
Batting: RHB Robby Adair
|
0-0: Fielders Choice at 2nd, 5-4 (Groundball, 56, EV 99.4 MPH)
|
| Bottom of the 2nd over - 8 runs, 5 hits, 0 errors, 2 left on base; Cleveland (APP) 0 - Texas (APP) 11 |
| TOP OF THE 3RD |
|
Cleveland (APP) Indians batting - Pitching for Texas (APP) Rangers : LHP Jose Cepero
|
|
Batting: RHB John Clark
|
0-0: Called Strike 0-1: Fly out, F4 (Popup, 4S, EV 66.9 MPH)
|
|
Batting: RHB Carlos Manriquez
|
0-0: DOUBLE (Groundball, 5L, EV 103.1 MPH)
|
|
Batting: RHB Juan Gallardo
|
0-0: Ball 1-0: Ball 2-0: Foul Ball, location: 2F 2-1: Swinging Strike 2-2: Strikes out swinging
|
|
Batting: RHB Luis Roman
|
0-0: Ground out 6-3 (Groundball, 56, EV 107.5 MPH)
|
| Top of the 3rd over - 0 runs, 1 hit, 0 errors, 1 left on base; Cleveland (APP) 0 - Texas (APP) 11 |
| BOTTOM OF THE 3RD |
|
Texas (APP) Rangers batting - Pitching for Cleveland (APP) Indians : LHP Jordan Jimenez
|
|
Batting: LHB Tomoya Hashimoto
|
0-0: Fly out, F5 (Popup, 56, EV 60.6 MPH)
|
|
Batting: RHB Ryan Pastore
|
0-0: Called Strike 0-1: Ball 1-1: Ball 2-1: Ball 3-1: Swinging Strike 3-2: Foul Ball, location: 2F 3-2: Base on Balls
|
|
Batting: RHB David Redman
|
0-0: Ball 1-0: Ball 2-0: SINGLE (Groundball, 3D, EV 101.9 MPH) Ryan Pastore to second
|
|
Batting: RHB Jay De Angelis
|
0-0: DOUBLE (Groundball, 5L, EV 101.9 MPH) Ryan Pastore scores David Redman to third
|
|
Batting: RHB Rafael Tapia
|
0-0: Ball Passed Ball! David Redman scores Jay De Angelis to third 1-0: Foul Ball, location: 2F 1-1: Called Strike 1-2: Ball 2-2: Ground out 6-3 (Groundball, 6M, EV 75.6 MPH) Jay De Angelis scores
|
|
Batting: RHB Alex Lopez
|
0-0: Ground out 6-3 (Groundball, 6, EV 90.0 MPH)
|
| Bottom of the 3rd over - 3 runs, 2 hits, 0 errors, 0 left on base; Cleveland (APP) 0 - Texas (APP) 14 |
| TOP OF THE 4TH |
|
Cleveland (APP) Indians batting - Pitching for Texas (APP) Rangers : LHP Jose Cepero
|
|
Batting: LHB Kenji Yokoyama
|
0-0: Ball 1-0: Called Strike 1-1: Foul Ball, location: 2F 1-2: Strikes out looking
|
|
Batting: RHB Joe Shade
|
0-0: Called Strike 0-1: DOUBLE (Flyball, 78XD, EV 96.3 MPH)
|
|
Batting: LHB Heath Ryland
|
0-0: Foul Ball, location: 2F 0-1: Called Strike 0-2: Ball 1-2: Strikes out swinging
|
|
Batting: RHB Ken Shear
|
0-0: Foul Ball, location: 2F 0-1: Swinging Strike 0-2: Ball 1-2: Ball 2-2: Ball 3-2: Strikes out swinging
|
| Top of the 4th over - 0 runs, 1 hit, 0 errors, 1 left on base; Cleveland (APP) 0 - Texas (APP) 14 |
| BOTTOM OF THE 4TH |
|
Texas (APP) Rangers batting - Pitching for Cleveland (APP) Indians : LHP Jordan Jimenez
|
|
Batting: SHB Albert Ortiz
|
0-0: SINGLE (Groundball, 6MD, EV 104.4 MPH)
|
|
Batting: LHB Walter Vegter
|
0-0: Ball 1-0: Called Strike 1-1: Called Strike 1-2: Ball 2-2: Ball 3-2: Base on Balls Albert Ortiz to second
|
|
Batting: RHB Robby Adair
|
0-0: 3-RUN HOME RUN (Flyball, 78XD, EV 101.3 MPH), Distance : 401 ft
|
|
Batting: LHB Tomoya Hashimoto
|
0-0: Ground out U3 (Groundball, 3, EV 79.4 MPH)
|
|
Batting: RHB Ryan Pastore
|
0-0: Ball 1-0: Ball 2-0: Foul Ball, location: 2F 2-1: Ball 3-1: Base on Balls
|
|
Batting: RHB David Redman
|
0-0: DOUBLE (Flyball, 89D, EV 104.4 MPH) Ryan Pastore to third
|
|
Batting: RHB Jay De Angelis
|
0-0: Fly out, F6 (Line Drive, 6, EV 66.9 MPH)
|
|
Batting: RHB Rafael Tapia
|
0-0: 3-RUN HOME RUN (Flyball, 78XD, EV 114.4 MPH), Distance : 421 ft
|
|
Batting: RHB Alex Lopez
|
0-0: Single, Error in OF, E9, batter to second base (Line Drive, 9S, EV 87.5 MPH)
|
|
Batting: SHB Albert Ortiz
|
0-0: Called Strike 0-1: Foul Ball, location: 2F 0-2: Ball 1-2: Strikes out swinging
|
| Bottom of the 4th over - 6 runs, 5 hits, 1 error, 1 left on base; Cleveland (APP) 0 - Texas (APP) 20 |
| TOP OF THE 5TH |
|
Cleveland (APP) Indians batting - Pitching for Texas (APP) Rangers : LHP Jose Cepero
|
|
Batting: SHB Mike Shields
|
0-0: DOUBLE (Groundball, 5L, EV 100.6 MPH)
|
|
Batting: RHB John Clark
|
0-0: Swinging Strike 0-1: Ball 1-1: Ball 2-1: Foul Ball, location: 2F 2-2: Strikes out swinging
|
|
Batting: RHB Carlos Manriquez
|
0-0: Ball 1-0: Called Strike 1-1: Called Strike 1-2: Ball 2-2: Foul Ball, location: 2F 2-2: Foul Ball, location: 2F 2-2: Ground out 4-3 (Groundball, 4, EV 103.1 MPH) Mike Shields to third
|
|
Batting: RHB Juan Gallardo
|
0-0: Called Strike 0-1: Swinging Strike 0-2: Strikes out swinging
|
| Top of the 5th over - 0 runs, 1 hit, 0 errors, 1 left on base; Cleveland (APP) 0 - Texas (APP) 20 |
| BOTTOM OF THE 5TH |
|
Texas (APP) Rangers batting - Pitching for Cleveland (APP) Indians : LHP Jordan Jimenez
|
|
Batting: LHB Walter Vegter
|
0-0: Ball 1-0: Ground out 6-3 (Groundball, 6, EV 87.5 MPH)
|
|
Batting: RHB Robby Adair
|
0-0: Ball 1-0: Ball 2-0: Ball 3-0: Base on Balls
|
|
Batting: LHB Tomoya Hashimoto
|
0-0: TRIPLE (Flyball, 8RXD, EV 91.3 MPH) Robby Adair scores
|
|
Batting: RHB Ryan Pastore
|
0-0: Ball Passed Ball! Tomoya Hashimoto scores 1-0: Foul Ball, location: 2F 1-1: Ball 2-1: Foul Ball, location: 2F 2-2: Foul Ball, location: 2F 2-2: Ball 3-2: Foul Ball, location: 2F 3-2: Foul Ball, location: 2F 3-2: Base on Balls
|
|
Batting: RHB David Redman
|
0-0: Foul Ball, location: 2F 0-1: Ball 1-1: Foul Ball, location: 2F 1-2: Foul Ball, location: 2F 1-2: 2-RUN HOME RUN (Flyball, 78XD, EV 99.4 MPH) (Inside the Park)
|
|
Batting: RHB Jay De Angelis
|
0-0: Ball 1-0: Ball 2-0: Ball 3-0: Called Strike 3-1: Base on Balls
|
|
Batting: RHB Rafael Tapia
|
0-0: Fly out, F3 (Popup, 34S, EV 64.4 MPH)
|
|
Batting: RHB Alex Lopez
|
0-0: Foul Ball, location: 2F 0-1: Ball 1-1: DOUBLE (Line Drive, 5D, EV 99.4 MPH) Jay De Angelis to third
|
|
Batting: SHB Albert Ortiz
|
0-0: Ball 1-0: Ball 2-0: Foul Ball, location: 2F 2-1: Foul Ball, location: 2F 2-2: Ball Wild Pitch! Jay De Angelis scores Alex Lopez to third 3-2: Foul Ball, location: 2F 3-2: Foul Ball, location: 2F 3-2: Base on Balls
|
|
Batting: LHB Walter Vegter
|
0-0: SINGLE (Groundball, 6MD, EV 103.1 MPH) Alex Lopez scores Albert Ortiz to second
|
|
Batting: RHB Robby Adair
|
0-0: Ball Passed Ball! Albert Ortiz to third Walter Vegter to second 1-0: Ground out 4-3 (Groundball, 4, EV 105.6 MPH)
|
| Bottom of the 5th over - 6 runs, 4 hits, 0 errors, 2 left on base; Cleveland (APP) 0 - Texas (APP) 26 |
| TOP OF THE 6TH |
|
Cleveland (APP) Indians batting - Pitching for Texas (APP) Rangers : LHP Jose Cepero
|
|
Batting: RHB Luis Roman
|
0-0: Ball 1-0: Called Strike 1-1: Ball 2-1: Ball 3-1: Base on Balls
|
|
Batting: LHB Kenji Yokoyama
|
0-0: Ball 1-0: Ball 2-0: Swinging Strike 2-1: Foul Ball, location: 2F 2-2: Strikes out swinging
|
|
Pitching: RHP Logan Dietz
|
|
|
Batting: RHB Joe Shade
|
0-0: Foul Ball, location: 2F 0-1: Ball 1-1: Called Strike 1-2: Strikes out swinging
|
|
Batting: LHB Heath Ryland
|
0-0: Called Strike 0-1: Ball 1-1: Ball 2-1: Swinging Strike 2-2: Foul Ball, location: 2F 2-2: Strikes out swinging
|
| Top of the 6th over - 0 runs, 0 hits, 0 errors, 1 left on base; Cleveland (APP) 0 - Texas (APP) 26 |
| BOTTOM OF THE 6TH |
|
Texas (APP) Rangers batting - Pitching for Cleveland (APP) Indians : LHP Jordan Jimenez
|
|
Batting: LHB Tomoya Hashimoto
|
0-0: Ball 1-0: Ball 2-0: Ball 3-0: Base on Balls
|
|
Batting: RHB Ryan Pastore
|
0-0: Fly out, F7 (Flyball, 7LS, EV 90.0 MPH)
|
|
Batting: RHB David Redman
|
0-0: Ball Wild Pitch! Tomoya Hashimoto to second 1-0: Ball 2-0: Swinging Strike 2-1: Ball Passed Ball! Tomoya Hashimoto to third 3-1: Base on Balls
|
|
Batting: RHB Jay De Angelis
|
0-0: Fielders Choice at 2nd, 5-4 (Groundball, 56, EV 86.3 MPH) Tomoya Hashimoto scores
|
|
Batting: RHB Rafael Tapia
|
0-0: Ball Passed Ball! Jay De Angelis to second 1-0: Ground out 5-3 (Groundball, 56, EV 105.6 MPH)
|
| Bottom of the 6th over - 1 run, 0 hits, 0 errors, 1 left on base; Cleveland (APP) 0 - Texas (APP) 27 |
| TOP OF THE 7TH |
|
Cleveland (APP) Indians batting - Pitching for Texas (APP) Rangers : RHP Logan Dietz
|
|
Batting: RHB Ken Shear
|
0-0: Called Strike 0-1: Foul Ball, location: 2F 0-2: Strikes out looking
|
|
Batting: SHB Mike Shields
|
0-0: Ball 1-0: Swinging Strike 1-1: Swinging Strike 1-2: Ball 2-2: Strikes out looking
|
|
Batting: RHB John Clark
|
0-0: Ball 1-0: Swinging Strike 1-1: Called Strike 1-2: Strikes out swinging
|
| Top of the 7th over - 0 runs, 0 hits, 0 errors, 0 left on base; Cleveland (APP) 0 - Texas (APP) 27 |
| BOTTOM OF THE 7TH |
|
Texas (APP) Rangers batting - Pitching for Cleveland (APP) Indians : LHP Jordan Jimenez
|
|
Batting: RHB Alex Lopez
|
0-0: Ball 1-0: Called Strike 1-1: Ball 2-1: Foul Ball, location: 2F 2-2: Ball 3-2: Base on Balls
|
|
DELAY
|
Rain delay of 30 minutes in the 7th inning.
|
|
Batting: SHB Albert Ortiz
|
0-0: Grounds into double play, 6-4-3 (Groundball, 6, EV 102.5 MPH)
|
|
Batting: LHB Walter Vegter
|
0-0: SINGLE (Groundball, 25, EV 71.3 MPH) (infield hit)
|
|
Batting: RHB Robby Adair
|
0-0: Ball 1-0: Ball Passed Ball! Walter Vegter to second 2-0: Ground out 4-3 (Groundball, 34, EV 102.5 MPH)
|
| Bottom of the 7th over - 0 runs, 1 hit, 0 errors, 1 left on base; Cleveland (APP) 0 - Texas (APP) 27 |
| TOP OF THE 8TH |
|
Cleveland (APP) Indians batting - Pitching for Texas (APP) Rangers : RHP Logan Dietz
|
|
Batting: RHB Carlos Manriquez
|
0-0: Called Strike 0-1: Fly out, F3 (Popup, 3SF, EV 73.1 MPH)
|
|
Batting: RHB Juan Gallardo
|
0-0: Called Strike 0-1: Called Strike 0-2: Ball 1-2: Ball 2-2: Ball 3-2: Strikes out swinging
|
|
Batting: RHB Luis Roman
|
0-0: Called Strike 0-1: Ball 1-1: Ball 2-1: Swinging Strike 2-2: Strikes out swinging
|
| Top of the 8th over - 0 runs, 0 hits, 0 errors, 0 left on base; Cleveland (APP) 0 - Texas (APP) 27 |
| BOTTOM OF THE 8TH |
|
Texas (APP) Rangers batting - Pitching for Cleveland (APP) Indians : LHP Jordan Jimenez
|
|
Batting: LHB Tomoya Hashimoto
|
0-0: SINGLE (Groundball, 6M, EV 95.6 MPH) (infield hit)
|
|
Batting: RHB Ryan Pastore
|
0-0: Called Strike 0-1: Ball Passed Ball! Tomoya Hashimoto to second 1-1: 2-RUN HOME RUN (Flyball, 9D, EV 92.5 MPH), Distance : 362 ft
|
|
Batting: RHB David Redman
|
0-0: Called Strike 0-1: Ball 1-1: Reached on error, E5 (Groundball, 56S, EV 84.4 MPH)
|
|
Batting: RHB Jay De Angelis
|
0-0: Ball Passed Ball! David Redman to second 1-0: Ground out 6-3 (Groundball, 6, EV 92.5 MPH)
|
|
Batting: RHB Rafael Tapia
|
0-0: Foul Ball, location: 2F 0-1: Ball 1-1: Fly out, F8 (Flyball, 78D, EV 103.1 MPH)
|
|
Batting: RHB Alex Lopez
|
0-0: Ground out 6-3 (Groundball, 6, EV 91.9 MPH)
|
| Bottom of the 8th over - 2 runs, 2 hits, 1 error, 1 left on base; Cleveland (APP) 0 - Texas (APP) 29 |
| TOP OF THE 9TH |
|
Cleveland (APP) Indians batting - Pitching for Texas (APP) Rangers : RHP Logan Dietz
|
|
Batting: LHB Kenji Yokoyama
|
0-0: Ball 1-0: Called Strike 1-1: Ball 2-1: Foul Ball, location: 2F 2-2: Strikes out swinging
|
|
Batting: RHB Joe Shade
|
0-0: Ball 1-0: Called Strike 1-1: Called Strike 1-2: Ball 2-2: Strikes out looking
|
|
Batting: LHB Heath Ryland
|
0-0: Ball 1-0: Called Strike 1-1: Foul Ball, location: 2F 1-2: Strikes out swinging
|
| Top of the 9th over - 0 runs, 0 hits, 0 errors, 0 left on base; Cleveland (APP) 0 - Texas (APP) 29 |
|